 Dungeon Crawl Stone Soup version 0.19.4-8-ga85b6b9 (console) character file.

431 Grinner the Ducker (level 6, 0/52 HPs)
             Began as a Minotaur Transmuter on Feb 8, 2017.
             Slain by an orc wizard
             ... wielding a cursed -1 dagger
              (4 damage)
             ... on level 4 of the Dungeon.
             The game lasted 00:09:44 (3198 turns).

Grinner the Ducker (Minotaur Transmuter)            Turns: 3198, Time: 00:09:45

Health: 0/52       AC: -3    Str: 14    XL:     6   Next: 67%
Magic:  0/7        EV: 22    Int: 14    God:
Gold:   266        SH:  0    Dex: 16    Spells: 2 memorised, 3 levels left

rFire  . . .     SeeInvis .       - Unarmed
rCold  + . .     Gourm    .     (armour currently unavailable)
rNeg   . . .     Faith    .     (shield currently unavailable)
rPois  x         Spirit   .     (helmet currently unavailable)
rElec  .         Reflect  .     (cloak currently unavailable)
rCorr  .         Harm     .     (gloves currently unavailable)
MR     .....                    (boots currently unavailable)
Stlth  +.........               (no amulet)
                                f - -5 ring of protection (curse)
                                j - ring of protection from cold

@: lethally poisoned (0 -> -3), spider-form, very slightly contaminated
A: (retaliatory headbutt), (horns 0), clever 1
a: End Transformation


You were on level 4 of the Dungeon.
You were hungry.
You were a venomous arachnid creature.
You visited 1 branch of the dungeon, and saw 4 of its levels.

You collected 266 gold pieces.

Inventory:

Hand Weapons
 k - a cursed +0 short sword (melded)
Missiles
 a - 23 arrows
Armour
 b - a +0 robe (melded)
 m - a +0 hat
Jewellery
 f - a cursed -5 ring of protection (right front leg)
 j - a ring of protection from cold (left front leg)
Wands
 q - a wand of flame (7/48)
Scrolls
 e - a scroll of amnesia
 h - 4 scrolls of identify
 i - a scroll of magic mapping
 r - 4 scrolls of recharging
Potions
 p - 2 potions of flight
Books
 c - a book of Changes

   Spells                             Type                      Level
   a - Beastly Appendage              Transmutation                1
   b - Sticks to Snakes               Transmutation                2
   c - Spider Form                    Transmutation/Poison         3
   d - Ice Form                       Ice/Transmutation            4
   e - Blade Hands                    Transmutation                5
Comestibles
 d - 3 bread rations
 g - a meat ration
 o - a beef jerky
 s - 2 royal jellies


   Skills:
 + Level 4.0 Fighting
 + Level 4.5 Dodging
 - Level 3.2 Unarmed Combat
 - Level 1.3 Spellcasting
 * Level 4.2 Transmutations


You had 3 spell levels left.
You knew the following spells:

 Your Spells              Type           Power        Failure   Level  Hunger
x - Spider Form           Tmut/Pois      #.........   61%         3    ####...
z - Beastly Appendage     Tmut           ##....       14%         1    ##.....


Dungeon Overview and Level Annotations

Branches:
Dungeon (4/15)
 Temple: D:4-7

Altars:


Innate Abilities, Weirdness & Mutations

((You reflexively headbutt those who attack you in melee.))
((You have a pair of horns on your head.))
Your mind is acute. (Int +2)


Message History

You turn into a venomous arachnid creature.
Your cursed +0 short sword melds into your body.
Your +0 robe melds into your body.
The leopard gecko hisses angrily.
You are feeling hungry.
You feel sick. Something misses you.
The orc wizard points at you and mumbles some strange words.
The magic dart hits something.
You hear some strange, mumbled words.
A magic dart appears from out of thin air!
The magic dart hits you!
* * * LOW HITPOINT WARNING * * *
You barely miss something.
The orc wizard gestures at you while chanting.
Something hits you but does no damage.
You closely miss something.
You feel sick. Something hits you!
* * * LOW HITPOINT WARNING * * *
You barely miss something. Something closely misses you.
You hit something but do no damage. Something hits you.
You die...

#.############
#.# #.# #.#
#.#.# #.#.# #
#.#.# #o#
#.#l# .. #.#s#
#.#.#{##
#.##...#o.#
#.o.....#.#
#######.#.#
#.#.# #.#.#
#.#.# #.#.#


You could see an orc wizard and a leopard gecko.

Vanquished Creatures
  The ghost of Malachi the Cutter, an amateur VSAs (D:3)
  A sky beast (D:3)
  An orc wizard (D:4)
  A worker ant (D:4)
  Terence (D:2)
  An adder (D:2)
  3 gnolls (D:2)
  An ooze (D:2)
  2 worms (D:2)
  5 dart slugs
  An orc (D:3)
  9 bats
  3 giant cockroaches
  11 goblins
  5 hobgoblins
  3 jackals (D:3)
  5 kobolds
  2 quokkas (D:3)
  A ball python (D:2)
  3 frilled lizards
  9 rats
  A fungus (D:2)
70 creatures vanquished.

Vanquished Creatures (others)
  A fungus (D:2)
1 creature vanquished.

Grand Total: 71 creatures vanquished

Notes
Turn   | Place    | Note
-------+----------+-------------------------------------------
     0 | D:1      | Grinner the Minotaur Transmuter began the quest for the Orb.
     0 | D:1      | Reached XP level 1. HP: 16/16 MP: 1/1
   151 | D:1      | Reached XP level 2. HP: 22/23 MP: 3/3
   992 | D:2      | Reached XP level 3. HP: 28/29 MP: 4/4
   997 | D:2      | Learned a level 3 spell: Spider Form
  1281 | D:2      | Gained mutation: Your mind is acute. (Int +2) [potion of beneficial mutation]
  1366 | D:2      | Noticed Terence
  1374 | D:2      | Killed Terence
  1374 | D:2      | Reached XP level 4. HP: 13/37 MP: 1/5
  1881 | D:3      | Noticed a sky beast
  1912 | D:3      | Killed a sky beast
  1912 | D:3      | Reached XP level 5. HP: 16/45 MP: 1/6
  2355 | D:3      | Noticed Malachi's ghost (amateur VSAs)
  2389 | D:3      | Killed Malachi's ghost
  2389 | D:3      | Reached XP level 6. HP: 36/52 MP: 7/7
  3198 | D:4      | Slain by an orc wizard

Skill      XL: |  1  2  3  4  5  6 |
---------------+-------------------+-----
Transmutations | 2 3 4 |  4.2
Dodging        | 3 4 |  4.5
Fighting       | 2 3 4 |  4.0
Unarmed Combat | |  3.2
Spellcasting   | |  1.3

Action                   |  1- 3 |  4- 6 || total
-------------------------+-------+-------++-------
Melee: Unarmed           |    41 |    17 ||    58
       Short sword       |    53 |    99 ||   152
       Headbutt          |    15 |    11 ||    26
       Kick              |       |    11 ||    11
       Punch             |       |     2 ||     2
 Cast: Beastly Appendage |     2 |     6 ||     8
       Spider Form       |     1 |     4 ||     5
Evoke: Wand              |     3 |       ||     3
  Use: Scroll            |     8 |     1 ||     9
       Potion            |     5 |     5 ||    10
  Eat: Chunk             |     1 |     7 ||     8
Armor: Robe              |     7 |       ||     7
       Skin              |       |    75 ||    75
Dodge: Dodged            |    44 |    66 ||   110
